 Dungeon Crawl Stone Soup version 0.30-b1-2-g02819fbbbe (webtiles) character file.

Game seed: 17932330513168656543

28 Arcadio the Ducker (level 3, -4/25 HPs)
             Began as a Djinni Fire Elementalist on May 16, 2023.
             Slain by Natasha (5 damage)
             ... on level 1 of the Dungeon.
             The game lasted 00:01:48 (917 turns).

Arcadio the Ducker (Djinni Fire Elementalist)        Turns: 917, Time: 00:01:48

Health: -4/25      AC:  2    Str:  7    XL:     3   Next: 27%
Gold:   66         EV: 12    Int: 18    God:
                   SH:  0    Dex: 13

rFire   + + .        f - +0 short sword
rCold   x . .        (no shield)
rNeg    . . .        a - +0 robe
rPois   ∞            (no helmet)
rElec   .            (no cloak)
rCorr   .            (no gloves)
SInv    .            (boots unavailable)
Will    .....        (no amulet)
Stlth   ++           (no ring)
HPRegen 0.24/turn    (no ring)
MPRegen 0.00/turn

%: infuse magic (-5 HP)
@: brilliant, flying
A: sickness immunity, fire resistance 2, cold vulnerability 1, float, innate
caster, HP casting, extra vitality 1
a: no special abilities


You were on level 1 of the Dungeon.
You visited 1 branch of the dungeon, and saw 2 of its levels.

You collected 66 gold pieces.

Inventory:

Hand Weapons
 b - a +0 whip
 f - a +0 short sword (weapon)
Armour
 a - a +0 robe (worn)
Scrolls
 d - 2 scrolls of identify {unknown}
 e - a scroll of enchant weapon {unknown}
Potions
 c - a potion of brilliance
 g - a potion of degeneration {unknown}


   Skills:
 + Level 2.8 Dodging
 + Level 2.1 Stealth
 + Level 2.7 Spellcasting


You knew the following spells:

 Your Spells              Type           Power      Damage    Failure   Level
a - Foxfire               Conj/Fire      72%        2x1d7     5%          1
b - Scorch                Fire           36%        2d7       9%          2
c - Volatile Blastmotes   Fire/Tloc      36%        2d13      16%         3
d - Inner Flame           Hex/Fire       18%        N/A       16%         3
e - Flame Wave            Conj/Fire      18%        2d7       47%         4
f - Summon Small Mammal   Summ           72%        N/A       5%          1
Your spell library was empty.

Dungeon Overview and Level Annotations

Branches:
Dungeon (2/15) Zot: 11082

Altars:

Annotations:
D:1 Natasha


Innate Abilities, Weirdness & Mutations

You are immune to sickness and miasma.
You are immune to poison.
Your flesh is very heat resistant. (rF++)
You are vulnerable to cold. (rC-)
You float through the air rather than walking.
You learn spells naturally, not from books.
Your magical power is your life essence.
You have superior vitality. (+4 MHP)


Message History

You conjure some foxfire!
The ball python hisses angrily.
Natasha hisses angrily.
The foxfire hits Natasha.
Natasha is lightly wounded.
The foxfire hits Natasha but does no damage.
Natasha is lightly wounded.
Natasha mumbles some strange words.
Casting: Foxfire (safe; 5% risk of failure)
Confirm with . or Enter, or press ? or * to list all spells.
Flames lash the giant cockroach.
The giant cockroach is moderately wounded.
The giant cockroach's fire resistance burns away.
The adder hisses angrily.
Natasha stares at you and mumbles some strange words.
The magic dart hits you.
The giant cockroach is no longer more vulnerable to fire.
Natasha attacks as you move away! Natasha claws you.
Natasha attacks as you move away! Natasha claws you!
The giant cockroach attacks as you move away!
The giant cockroach bites you.
* * * LOW HITPOINT WARNING * * *
You see here a bat corpse.
The cerulean imp hits you from afar with a +0 spear.
* * * LOW HITPOINT WARNING * * *
There is a stone staircase leading up here.
The giant cockroach barely misses you. Natasha completely misses you.
The giant cockroach bites you but does no damage.
The cerulean imp hits you from afar with a +0 spear.
* * * LOW HITPOINT WARNING * * *
You fly upwards.
The cerulean imp disappears in a puff of smoke!
There is a stone staircase leading down here.
Casting: Scorch (safe; 9% risk of failure)
Confirm with . or Enter, or press ? or * to list all spells.
You don't have enough health to cast this spell.
Unknown command.
It was a potion of brilliance.
You feel clever all of a sudden. Natasha claws you.
You die...

#.######## #........#
#.######.# #.# #.####### #.#
####.#.....# #.#
#...>#.###.###### #.#
#....#...#.#....# ###
#.###....###.#.#....###..
#.......@......+..†......
############hB######....###..
#............................
#.##.....#....###...########.
#.##................####.....
#........#...................
#...................###......
#.......#...................#
#.......#.....##.######.....#


You could see Natasha and a giant cockroach.

Vanquished Creatures
  2 endoplasms
  4 goblins (D:1)
  4 hobgoblins (D:1)
  A jackal (D:1)
  4 kobolds (D:1)
  2 ball pythons (D:1)
  3 bats
  3 frilled lizards (D:1)
  2 rats (D:1)
25 creatures vanquished.

Vanquished Creatures (others)
  56 foxfires
56 creatures vanquished.

Grand Total: 81 creatures vanquished

Notes
Turn   | Place    | Note
-------+----------+-------------------------------------------
     0 | D:1      | Arcadio the Djinni Fire Elementalist began the quest for
                  | the Orb.
     0 | D:1      | Arcadio set off with the following spells memorised:
                  | Foxfire, Scorch, Volatile Blastmotes, Inner Flame, Flame
                  | Wave.
     0 | D:1      | Reached XP level 1. HP: 15/15 MP: 0/0
    64 | D:1      | Reached XP level 2. HP: 14/21 MP: 0/0
   581 | D:1      | Reached XP level 3. HP: 24/25 MP: 0/0
   581 | D:1      | Learned a level 1 spell: Summon Small Mammal
   904 | D:2      | Noticed Natasha
   915 | D:2      | HP: 1/25 [cerulean imp/+0 spear[Natasha] (3)]
   917 | D:1      | Slain by Natasha

Illustrated notes

Levels and vault maps discovered:
D:1:      co_arrival_square_in_a_square_in_a_square, layout_basic,
          minmay_octomino_e4
D:2:      layout_basic, basic_ecumenical_altar, uniq_natasha, uniq_jessica

Skill      XL: |  1  2 |
---------------+-------+-----
Stealth        | 2 |  2.1
Dodging        | |  2.8
Spellcasting   | |  2.7

Action                     || total
---------------------------++-------
  Melee: Whip              ||     3
   Cast: Foxfire           ||    31
         Scorch            ||     1
    Use: Potion            ||     1
   Stab: Sleeping          ||     1
 Armour: Robe              ||     2
  Dodge: Dodged            ||    10
